 Dungeon Crawl Stone Soup version 0.29.1-15-g9cfb28693d (webtiles) character file.

Game seed: 15024121711762614689

1621 KittyFluff the Cudgeller (level 8, -2/51 HPs)
             Began as a Gargoyle Berserker on Apr 16, 2023.
             Was a Priest of Trog.
             Slain by a yak (12 damage)
             ... on level 6 of the Dungeon.
             The game lasted 00:29:18 (6813 turns).

KittyFluff the Cudgeller (Gargoyle Berserker)       Turns: 6813, Time: 00:29:18

Health: -2/51      AC: 14    Str: 27    XL:     8   Next: 96%
Magic:  17/17      EV: 12    Int:  8    God:    Trog [***...]
Gold:   340        SH:  9    Dex: 13    Spells: 7/7 levels left

rFire   . . .      SeeInvis .   a - +0 mace
rCold   + . .      Faith    .   d - +0 buckler
rNeg    + . .      Spirit   .   n - +0 leather armour
rPois   ∞          Reflect  +   s - +0 helmet
rElec   +          Harm     .   (no cloak)
rCorr   +          Rampage  .   z - +1 pair of gloves of Ukhlaich {rC+ MP+9 Dex+2}
Will    .....                   j - +0 pair of boots
Stlth   +.........              i - amulet of reflection
HPRegen 0.17/turn               r - +6 ring of strength
MPRegen 0.15/turn               v - ring of resist corrosion

@: on berserk cooldown, slowed, very slow
A: sickness immunity, AC +5, negative energy resistance 1, electricity
resistance, torment resistance 1, petrification resistance
a: Renounce Religion, Berserk, Trog's Hand


You were on level 6 of the Dungeon.
You worshipped Trog.
Trog was most pleased with you.
You visited 1 branch of the dungeon, and saw 6 of its levels.
You also visited: Ossuary.

You collected 340 gold pieces.

Inventory:

Hand Weapons
 a - a +0 mace (weapon)
 t - a +0 sling
Missiles
 e - 47 stones (quivered)
 f - 2 curare-tipped darts
 k - 5 silver boomerangs
 J - 6 boomerangs of dispersal
 L - 6 poisoned darts
Armour
 d - a +0 buckler (worn)
 j - a +0 pair of boots (worn)
 n - a +0 leather armour (worn)
 s - a +0 helmet (worn)
 z - the +1 pair of gloves of Ukhlaich (worn) {rC+ MP+9 Dex+2}
   (You found it on level 4 of the Dungeon)

   Dex:       It affects your dexterity (+2).
   rC:        It protects you from cold.
   MP:        It affects your magic capacity (+9).
Jewellery
 i - an amulet of reflection (around neck)
 r - a +6 ring of strength (left hand)
 v - a ring of resist corrosion (right hand)
 A - a ring of ice
Wands
 K - a wand of polymorph (13)
Scrolls
 b - a scroll of poison {unknown}
 c - 2 scrolls of noise {unknown}
 h - 2 scrolls of amnesia {unknown}
 l - 3 scrolls of brand weapon {unknown}
 q - 2 scrolls of blinking {unknown}
 u - a scroll of enchant weapon {unknown}
 x - a scroll of magic mapping {unknown}
 y - 3 scrolls of immolation {unknown}
 B - a scroll of torment {unknown}
 D - 3 scrolls of silence {unknown}
 F - a scroll of teleportation
 H - a scroll of fear
Potions
 g - 2 potions of berserk rage
 m - 3 potions of heal wounds
 o - a potion of flight {unknown}
 p - 6 potions of curing
 w - a potion of brilliance {unknown}
 C - a potion of ambrosia {unknown}
 E - a potion of mutation {unknown}
 G - 2 potions of cancellation {unknown}
 I - 5 potions of might {unknown}
 M - a potion of haste {unknown}


   Skills:
 + Level 6.0 Fighting
 + Level 7.4 Maces & Flails
 + Level 1.1 Ranged Weapons
 + Level 0.3 Throwing
 * Level 5.8 Armour
 + Level 3.3 Dodging
 + Level 1.2 Stealth
 + Level 3.2 Shields


You had 7 spell levels left.
You didn't know any spells.
Your spell library was empty.

Dungeon Overview and Level Annotations

Branches:
Dungeon (6/15)            Ossuary (visited)
 Temple: D:4-7

Altars:
Dithmenos
Elyvilon
Okawaru
Sif Muna
Trog
The Shining One
Lugonu

Portals:
Abyss: D:6


Innate Abilities, Weirdness & Mutations

You are immune to sickness and miasma.
Your stone body is resilient. (AC +5)
You are immune to poison.
You resist negative energy. (rN+)
You are resistant to electric shocks. (rElec)
You are resistant to unholy torment.
You are immune to petrification.


Message History

A red film seems to cover your vision as you go berserk!
You feel yourself moving faster!
You feel mighty! The yak gores you.
* * * LOW HITPOINT WARNING * * *
You hit the yak.
The yak is almost dead.
The yak barely misses you.
You thump the yak!
You kill the yak!
Trog accepts your kill.
Your Shields skill increases to level 3!
You block the yak's attack.
You see here a yak corpse.
You hit the yak but do no damage. You block the yak's attack.
You thump the yak!
The yak is moderately wounded.
The yak misses you.
You hit the yak.
The yak is heavily wounded.
You barely miss the yak.
The yak is heavily wounded.
The yak gores you but does no damage.
You sock the yak!
The yak is almost dead.
You block the yak's attack.
You hit the yak.
You kill the yak!
Trog accepts your kill.
Your Fighting skill increases to level 6!
Found a stone staircase leading down.
The yak gores you but does no damage. x2
You see here a yak corpse.
You barely miss the yak.
You are no longer berserk.
You are exhausted.
You feel yourself slow down. You block the yak's attack.
The yak gores you but does no damage.
You see here a yak corpse.
You barely miss the yak. You block the yak's attack. x2
You hit the yak but do no damage. The yak gores you but does no damage.
You closely miss the yak. The yak gores you!
You die...

..<.....# ....> .......## ...
.##..)## ... ####.[.## ...
###..#### #.## #.
#######)[..#####.. #.#
........#.......Y# ###.#
............####Y# #...#
........###..###@# #...#
........####...#.# #...#
######....####...############<..#
## #..>........................
.# ##....######.#..#########.#..
.# #........# #.##.## #.#..
.####........# #.##..#### #.#..
[.##.........# #.###....# #.#..
#..#.#..#.#### #.# ####.## #.#.#


You could see 2 yaks.

Vanquished Creatures
  3 yaks (D:6)
  Duvessa (D:4)
  A black bear (D:5)
  An ogre (D:4)
  A bullfrog (D:5)
  A gnoll sergeant (D:5)
  3 water moccasin zombies (Ossuary)
  Dowan (D:4)
  A howler monkey (D:5)
  A hound (D:5)
  3 orc priests
  3 orc wizards
  3 iguanas
  2 mummies (Ossuary)
  6 gnolls (D:5)
  3 adders
  A white imp (D:6)
  An ufetubus (D:6)
  7 adder zombies (Ossuary)
  3 worms
  4 dart slugs
  9 orcs
  4 bats
  4 endoplasms
  2 giant cockroaches
  3 gnoll zombies (Ossuary)
  10 goblins
  6 hobgoblins
  3 jackals (D:3)
  2 quokkas
  3 ball pythons
  3 frilled lizards
  5 hobgoblin zombies (Ossuary)
  9 kobolds
  2 kobold zombies (Ossuary)
  An orc zombie (Ossuary)
  3 rats
119 creatures vanquished.

Vanquished Creatures (others)
  An orc wizard (D:4)
  A lurking horror (D:6)
  2 plants (D:3)
4 creatures vanquished.

Grand Total: 123 creatures vanquished

Notes
Turn   | Place    | Note
-------+----------+-------------------------------------------
     0 | D:1      | KittyFluff the Gargoyle Berserker began the quest for the
                  | Orb.
     0 | D:1      | Reached XP level 1. HP: 14/14 MP: 1/1
   201 | D:1      | Found a faded altar of an unknown god.
   386 | D:1      | Reached XP level 2. HP: 17/19 MP: 2/2
  1065 | D:2      | Reached XP level 3. HP: 11/24 MP: 3/3
  1252 | D:2      | Found a shimmering blue altar of Sif Muna.
  2056 | D:3      | Reached ** piety under Trog
  2759 | D:3      | Reached XP level 4. HP: 29/29 MP: 4/4
  2986 | D:3      | Found a white marble altar of Elyvilon.
  3327 | D:4      | Found a shadowy altar of Dithmenos.
  3404 | D:4      | Identified the +1 pair of gloves of Ukhlaich {rC+ MP+9
                  | Dex+2}
  3467 | D:4      | Found a sand-covered staircase.
  3477 | D:4      | Reached skill level 4 in Maces & Flails
  3482 | D:4      | Reached XP level 5. HP: 24/34 MP: 5/5
  3508 | Ossuary  | Entered an ossuary
  3531 | Ossuary  | Reached skill level 1 in Shields
  3546 | Ossuary  | Reached XP level 6. HP: 20/39 MP: 6/6
  3780 | Ossuary  | Reached skill level 5 in Maces & Flails
  3988 | D:4      | Reached XP level 7. HP: 9/44 MP: 7/7
  4351 | D:4      | Found a glowing golden altar of the Shining One.
  4370 | D:4      | Noticed Duvessa
  4373 | D:4      | Noticed Dowan
  4394 | D:4      | Killed Duvessa
  4401 | D:4      | Killed Dowan
  4711 | D:4      | Found an iron altar of Okawaru.
  4773 | D:5      | Entered Level 5 of the Dungeon
  4835 | D:5      | Reached skill level 5 in Fighting
  4835 | D:5      | Reached skill level 6 in Maces & Flails
  5023 | D:5      | Reached skill level 1 in Ranged Weapons
  5145 | D:5      | Reached XP level 8. HP: 13/49 MP: 8/8
  5791 | D:5      | Reached skill level 5 in Armour
  5807 | D:5      | Reached *** piety under Trog
  6204 | D:5      | Reached skill level 1 in Stealth
  6223 | D:6      | Found a bloodstained altar of Trog.
  6477 | D:6      | Found a one-way gate to the infinite horrors of the Abyss.
  6477 | D:6      | Found a corrupted altar of Lugonu.
  6766 | D:6      | Noticed a yak
  6767 | D:6      | Noticed a yak
  6767 | D:6      | Noticed a yak
  6769 | D:6      | Noticed a yak
  6771 | D:6      | Noticed a yak
  6785 | D:6      | Killed a yak
  6786 | D:6      | Reached skill level 7 in Maces & Flails
  6800 | D:6      | Killed a yak
  6807 | D:6      | Killed a yak
  6813 | D:6      | Slain by a yak

Illustrated notes

Levels and vault maps discovered:
D:1:      heliophobic_arrival_ceremonial_halls, layout_basic,
          shapermc_ecumenical_altar_petra
D:2:      layout_rooms, basic_altar
D:3:      layout_basic, nicolae_overflow_hidden_temple, serial_forest,
          infiniplex_forest_clump_medium, infiniplex_forest_lined_corner,
          infiniplex_forest_clump_long, infiniplex_forest_end_2,
          infiniplex_forest_lined_4_way, infiniplex_forest_end_1,
          grunt_ministairs_14, columned_hall_lemuel, st_stairs_3,
          minmay_misc_feat_pillars, nrook_loot_triangle
D:4:      layout_rooms, lemuel_coloured_pillars_altar,
          nicolae_dithmenos_the_darkroom, kennysheep_okawaru_gauntlet,
          nicolae_ossuary_entry_monument, uniq_duvessa
D:5:      layout_basic
D:6:      layout_rooms, trog_hazing_becter, minmay_misc_feat_rugged,
          amcnicky_altar_lugonu_corruption

Skill      XL: |  1  2  3  4  5  6  7  8 |
---------------+-------------------------+-----
Fighting       | 4 5 6 |  6.0
Maces & Flails | 4 5 6 7 |  7.4
Armour         | 3 4 5 |  5.8
Dodging        | 2 3 |  3.3
Shields        | 1 2 3 |  3.2
Ranged Weapons | 1 |  1.1
Stealth        | 1 |  1.2
Throwing       | |  0.3

Action                   |  1- 3 |  4- 6 |  7- 9 || total
-------------------------+-------+-------+-------++-------
Melee: Mace              |   120 |   185 |   221 ||   526
       Punch             |     2 |     1 |       ||     3
 Fire: Sling             |       |       |     4 ||     4
Throw: Stone             |       |       |     4 ||     4
Invok: Berserk           |       |     1 |     3 ||     4
  Use: Scroll            |       |       |     5 ||     5
 Stab: Sleeping          |     1 |     1 |       ||     2
Armor: Animal skin       |     6 |       |       ||     6
       Leather armour    |    33 |    60 |   118 ||   211
Dodge: Dodged            |    60 |    76 |    97 ||   233
Block: Other             |    24 |    35 |    17 ||    76
       Buckler           |       |       |    44 ||    44
       Reflection        |       |       |     6 ||     6
